 Dungeon Crawl Stone Soup version 0.30-a0-948-g4fa250aae5 (webtiles) character file.

Game seed: 4287246911550708298

476 Demosthentine the Ducker (level 6, -1/49 HPs)
             Began as a Demonspawn Gladiator on Mar 27, 2023.
             Frozen to death by an endoplasm (2 damage)
             ... on level 4 of the Dungeon.
             The game lasted 00:04:55 (3441 turns).

Demosthentine the Ducker (Demonspawn Gladiator)     Turns: 3441, Time: 00:04:56

Health: -1/49      AC:  6    Str: 16    XL:     6   Next: 84%
Magic:  6/6        EV: 13    Int:  9    God:
Gold:   166        SH:  0    Dex: 15    Spells: 5/5 levels left

rFire   . . .      SeeInvis .    a - +0 trident
rCold   . . .      Faith    .    (no shield)
rNeg    . . .      Spirit   .    b - +0 leather armour
rPois   .          Reflect  .    c - +1 helmet
rElec   .          Rampage  .    (no cloak)
rCorr   .                        (no gloves)
Will    .....                    (no boots)
Stlth   +                        (no amulet)
HPRegen 0.28/turn                (no ring)
MPRegen 0.10/turn                (no ring)

@: no status effects
A: rugged brown scales 1, weakness stinger 2
a: no special abilities


You were on level 4 of the Dungeon.
You visited 1 branch of the dungeon, and saw 4 of its levels.
You also visited: Sewer.

You collected 205 gold pieces.
You spent 39 gold pieces at shops.

Inventory:

Hand Weapons
 a - a +0 trident (weapon)
Missiles
 d - a throwing net (quivered)
 e - a javelin
Armour
 b - a +0 leather armour (worn)
 c - a +1 helmet (worn)
 n - a +0 buckler
Jewellery
 p - an amulet of guardian spirit
Wands
 w - a wand of light (7)
 x - a wand of paralysis (2)
Scrolls
 f - 3 scrolls of identify
 h - 3 scrolls of blinking
 i - a scroll of amnesia
 q - a scroll of teleportation
 r - a scroll of fear
 u - a scroll of fog {unknown}
 v - a scroll of enchant weapon {unknown}
Potions
 g - a potion of resistance
 j - 2 potions of brilliance {unknown}
 k - a potion of mutation {unknown}
 m - a potion of degeneration {unknown}
 o - a potion of attraction {unknown}
 s - a potion of lignification {unknown}
 t - a potion of ambrosia {unknown}


   Skills:
 + Level 3.8 Fighting
 + Level 4.0 Polearms
 - Level 1.7 Throwing
 + Level 2.9 Armour
 + Level 4.1 Dodging
 + Level 1.7 Shields


You had 5 spell levels left.
You didn't know any spells.
Your spell library contained the following spells:

 Spells                   Type           Power      Damage    Failure   Level
 Cigotuvi's Dreadful Rot  Necr/Pois/Air  0%         N/A       58%         2
 Poisonous Vapours        Pois/Air       0%         N/A       58%         2
 Hailstorm                Conj/Ice       0%         3d3       82%         3
 Ignite Poison            Fire/Tmut/Pois 0%         N/A       82%         3
 Mephitic Cloud           Conj/Pois/Air  0%         N/A       82%         3
 Ice Form                 Ice/Tmut       0%         N/A       99%         4
 Sticky Flame             Conj/Fire      0%         2d3       99%         4
 Simulacrum               Ice/Necr       0%         N/A       100%        6
 Ignition                 Fire           0%         3d3       100%        8


Dungeon Overview and Level Annotations

Branches:
Dungeon (4/15)              Sewer (visited)
 Temple: D:4-7

Altars:

Shops:
D:3 !


Innate Abilities, Weirdness & Mutations

You are partially covered in rugged brown scales. (AC +1, +3% HP)
You have a tail ending in a sharp stinger.


Message History

The gnoll closely misses you. The endoplasm barely misses you.
The dart slug bites you.
* * * LOW HITPOINT WARNING * * *
You feel better. The endoplasm closely misses you.
The gnoll closely misses you.
You hit the gnoll but do no damage. You tail-slap the gnoll.
The gnoll is moderately wounded.
The gnoll misses you. The endoplasm freezes you.
You are frozen.
* * * LOW HITPOINT WARNING * * *
The dart slug barely misses you.
You barely miss the gnoll.
Your tail-slap misses the gnoll.
The gnoll is moderately wounded.
The gnoll hits you with a +0 whip.
* * * LOW HITPOINT WARNING * * *
The endoplasm freezes you.
You are frozen.
* * * LOW HITPOINT WARNING * * *
The dart slug launches a dart at you. The slug dart misses you.
You barely miss the gnoll.
The gnoll is moderately wounded.
The gnoll hits you but does no damage.
The endoplasm hits you but does no damage.
Unknown command.
You hit the gnoll.
The gnoll is heavily wounded.
The gnoll hits you but does no damage. The endoplasm freezes you.
You are frozen.
* * * LOW HITPOINT WARNING * * *
The dart slug closely misses you.
You hit the gnoll but do no damage. You tail-slap the gnoll.
Your punch misses the gnoll.
The gnoll is severely wounded.
The gnoll barely misses you. The endoplasm freezes you.
You are frozen.
You die...

......................
#. ........##.....##....
#..........##.....##....
#... #.....##....)......
#..$##.....##......)....
#.................##)...
#..........##.....##....
#.....Jg...##.....##....
#.....w@..........#.)...
#.....)...........#....|
#.................#.....
#.................#.....
########################


You could see a gnoll, a dart slug and an endoplasm.

Vanquished Creatures
  A bullfrog (Sewer)
  A scorpion (D:3)
  A jelly (D:4)
  Terence (D:2)
  2 iguanas (D:4)
  7 adders
  2 gnolls (D:4)
  A river rat (D:4)
  3 worms
  5 dart slugs
  8 orcs
  5 bats
  7 endoplasms
  14 giant cockroaches
  3 goblins
  6 hobgoblins
  4 jackals (D:1)
  11 quokkas
  14 ball pythons
  10 frilled lizards
  10 kobolds
  11 rats
127 creatures vanquished.

Notes
Turn   | Place    | Note
-------+----------+-------------------------------------------
     0 | D:1      | Demosthentine the Demonspawn Gladiator began the quest for
                  | the Orb.
     0 | D:1      | Reached XP level 1. HP: 16/16 MP: 1/1
   104 | D:1      | Gained mutation: You have a small tail. [demonic ancestry]
   104 | D:1      | Reached XP level 2. HP: 19/22 MP: 2/2
   374 | D:1      | Reached skill level 1 in Armour
   462 | D:1      | Found a faded altar of an unknown god.
   472 | D:1      | Gained mutation: You have a tail ending in a sharp stinger.
                  | [demonic ancestry]
   472 | D:1      | Reached XP level 3. HP: 28/28 MP: 3/3
   794 | D:2      | Noticed Terence
   820 | D:2      | Killed Terence
   821 | D:2      | Reached XP level 4. HP: 29/34 MP: 4/4
  1729 | D:3      | Reached XP level 5. HP: 41/41 MP: 5/5
  2099 | D:3      | Found Kimeu's Distillery.
  2104 | D:3      | Bought a potion of curing for 39 gold pieces
  2224 | D:3      | HP: 2/41 [poisoned by a scorpion]
  2519 | D:4      | Reached skill level 1 in Shields
  2525 | D:4      | Gained mutation: You are partially covered in rugged brown
                  | scales. (AC +1, +3% HP) [demonic ancestry]
  2525 | D:4      | Reached XP level 6. HP: 33/48 MP: 6/6
  2790 | D:4      | Found a glowing drain.
  2804 | Sewer    | Entered a sewer
  3440 | D:4      | HP: 1/49 [frozen (5)]
  3441 | D:4      | Frozen to death by an endoplasm

Illustrated notes

Levels and vault maps discovered:
D:1:      minmay_arrival_nine_rooms, layout_rooms, ebering_ecumenical_altar_webs
D:2:      layout_loops_ring, uniq_terence
D:3:      layout_basic, serial_shops, shop
D:4:      layout_gridville, portal_sewer_entry_e

Skill      XL: |  1  2  3  4  5  6 |
---------------+-------------------+-----
Dodging        | 3 4 |  4.1
Polearms       | 3 4 |  4.0
Armour         | 1 2 |  2.9
Fighting       | 3 |  3.8
Shields        | 1 |  1.7
Throwing       | |  1.7

Action                     |  1- 3 |  4- 6 || total
---------------------------+-------+-------++-------
  Melee: Trident           |   109 |   340 ||   449
         Tailslap          |    16 |    32 ||    48
         Punch             |     1 |     4 ||     5
  Throw: Throwing net      |     1 |     2 ||     3
    Use: Scroll            |     3 |     5 ||     8
         Potion            |     1 |     5 ||     6
   Stab: Sleeping          |     2 |     1 ||     3
         Held in net/web   |     1 |       ||     1
 Armour: Leather armour    |    29 |    97 ||   126
  Dodge: Dodged            |    66 |   259 ||   325

Table legend: (Time is in decaauts)
 A = Elapsed time spent in this place.
 B = Non-inter-level travel time spent in this place.
 C = Inter-level travel time spent in this place.
 D = Time resting spent in this place.
 E = Time spent auto-exploring this place.
 F = Levels seen in this place.
 G = Mean time per level.
                   A        B        C        D        E       F      G
               +--------+--------+--------+--------+--------+-----+--------+
         Total |   3603 |   3542 |     61 |    136 |   2235 |   5 |  720.6 |
       Dungeon |   2962 |   2901 |     61 |    136 |   1883 |   4 |  740.5 |
         Sewer |    641 |    641 |      0 |      0 |    352 |   1 |  641.0 |
               +--------+--------+--------+--------+--------+-----+--------+

Top non-repeatable levels by time:
     D:2: 921 daAuts
     D:3: 843 daAuts
     D:1: 753 daAuts
   Sewer: 641 daAuts
     D:4: 444 daAuts
